 Dungeon Crawl Stone Soup version 0.30-a0-989-g0d87f670db (webtiles) character file.

Game seed: 4807161115847191203

329 Anon1729 the Trooper (level 6, -11/56 HPs)
             Began as a Minotaur Monk on Apr 2, 2023.
             Splashed by a jelly's acid (12 damage)
             ... on level 4 of the Dungeon.
             The game lasted 00:03:15 (3266 turns).

Anon1729 the Trooper (Minotaur Monk)                Turns: 3266, Time: 00:03:16

Health: -11/56     AC: -16   Str: 15    XL:     6   Next: 25%
Magic:  5/5        EV: 14    Int:  7    God:
Gold:   177        SH:  0    Dex: 15    Spells: 5/5 levels left

rFire   . . .      SeeInvis .    a - +0 falchion
rCold   . . .      Faith    .    (no shield)
rNeg    . . .      Spirit   .    t - +2 robe {Archmagi}
rPois   .          Reflect  .    (helmet restricted)
rElec   .          Rampage  .    (no cloak)
rCorr   .          Archmagi +    (no gloves)
Will    .....                    (no boots)
Stlth   ++                       (no amulet)
HPRegen 0.29/turn                (no ring)
MPRegen 0.09/turn                (no ring)

@: corroded
A: horns 2, retaliatory headbutt
a: no special abilities


You were on level 4 of the Dungeon.
You visited 1 branch of the dungeon, and saw 4 of its levels.

You collected 217 gold pieces.
You spent 40 gold pieces at shops.

Inventory:

Hand Weapons
 a - a +0 falchion (weapon)
 v - the +0 staff of Battle
   (You found it on level 3 of the Dungeon)

   It enhances your conjuration magic.
   It summons a battlesphere in combat, with strength depending on Conjurations
   skill.
   Its strikes trigger the battlesphere's blasts.
Armour
 b - a +0 robe
 t - a +2 robe of the Archmagi (worn)
 u - a +4 chain mail
Jewellery
 k - a ring of ice
Scrolls
 d - a scroll of amnesia {unknown}
 e - 2 scrolls of blinking {unknown}
 g - a scroll of magic mapping {unknown}
 h - 2 scrolls of noise {unknown}
 i - 3 scrolls of vulnerability
 l - 2 scrolls of teleportation {unknown}
 n - 2 scrolls of identify {unknown}
 p - 2 scrolls of fog {unknown}
 x - a scroll of poison {unknown}
Potions
 c - 2 potions of ambrosia
 f - 2 potions of brilliance {unknown}
 j - 2 potions of degeneration {unknown}
 m - a potion of mutation {unknown}
 o - a potion of curing {unknown}
 q - a potion of cancellation {unknown}
 r - 2 potions of berserk rage {unknown}
 s - a potion of flight {unknown}
 w - a potion of heal wounds


   Skills:
 + Level 5.5 Fighting
 - Level 4.6 Long Blades
 + Level 4.9 Dodging
 + Level 3.3 Stealth


You had 5 spell levels left.
You didn't know any spells.
Your spell library was empty.

Dungeon Overview and Level Annotations

Branches:
Dungeon (4/15)
 Temple: D:4-7

Altars:
Elyvilon
Zin

Shops:
D:1 ?

Annotations:
D:3 3 runed translucent doors, makewrite's ghost, amateur HuBe


Innate Abilities, Weirdness & Mutations

You have a pair of horns on your head.
You reflexively headbutt those who attack you in melee.


Message History

You hit the jelly but do no damage.
Your hands burn!
The jelly is heavily wounded.
The jelly barely misses you.
You hit the jelly. The acid corrodes you!
Your hands burn!
Your headbutt misses the jelly.
The jelly is heavily wounded.
The jelly hits you.
You are splashed with acid!
You hit the jelly but do no damage.
Your hands burn!
The jelly is heavily wounded.
The jelly hits you.
You are splashed with acid!
You are too injured to fight recklessly!
You are too injured to fight recklessly!
You are too injured to fight recklessly!
You are too injured to fight recklessly!
You are too injured to fight recklessly!
You are too injured to fight recklessly!
You are too injured to fight recklessly!
You are too injured to fight recklessly!
A jelly is nearby!
You hit the jelly but do no damage. The acid corrodes you!
Your hands burn!
The jelly is heavily wounded.
The jelly closely misses you. You furiously retaliate!
You headbutt the jelly, but do no damage.
You hit the jelly but do no damage.
Your hands burn!
* * * LOW HITPOINT WARNING * * *
You headbutt the jelly.
The jelly is almost dead.
The jelly hits you.
* * * LOW HITPOINT WARNING * * *
The acid corrodes you!
You are splashed with acid!
* * * LOW HITPOINT WARNING * * *
The jelly closely misses you.
Okay, then.
You hit the jelly but do no damage.
Your hands burn!
* * * LOW HITPOINT WARNING * * *
The jelly is almost dead.
The jelly hits you.
* * * LOW HITPOINT WARNING * * *
The acid corrodes you!
You are splashed with acid!
You die...

.##.... ....#
..########. .....>.....#
######### #.#####.##..##
.....$..# #..####.##
...##.......#
[†......##. #..#...?...#
.#.#....>...##..J......#
.#.####.........@.......
...######...##.........#
#.......................
...######.##............
..#######.#..(.........#
..........#.......>.####
.#.###..............#
...<......#.........#
..........#.........###


You could see a jelly.

Vanquished Creatures
  A black bear (D:3)
  A gnoll bouda (D:3)
  Terence (D:3)
  6 adders
  3 gnolls (D:4)
  4 worms
  4 dart slugs
  An orc (D:3)
  7 ball pythons
  3 bats
  4 endoplasms
  4 giant cockroaches
  9 goblins
  5 hobgoblins
  8 jackals (D:2)
  5 quokkas
  2 frilled lizards
  14 kobolds
  5 rats
87 creatures vanquished.

Notes
Turn   | Place    | Note
-------+----------+-------------------------------------------
     0 | D:1      | Anon1729 the Minotaur Monk began the quest for the Orb.
     0 | D:1      | Reached XP level 1. HP: 19/19 MP: 0/0
    93 | D:1      | Found Demops's Magic Scroll Shop.
   256 | D:1      | Reached XP level 2. HP: 16/27 MP: 1/1
   773 | D:1      | Reached skill level 4 in Fighting
   872 | D:2      | Reached XP level 3. HP: 21/33 MP: 2/2
  1084 | D:2      | Reached XP level 4. HP: 30/40 MP: 3/3
  1757 | D:3      | Found a runed translucent gate.
  1757 | D:3      | Noticed makewrite's ghost (amateur HuBe)
  1758 | D:3      | Found a runed translucent gate.
  1769 | D:3      | Found a runed translucent gate.
  1772 | D:3      | Identified the +1 dagger of Ovveod {venom, Fly MP+9 Int+3}
  1904 | D:3      | Found a glowing silver altar of Zin.
  2024 | D:3      | Noticed Terence
  2039 | D:3      | Killed Terence
  2040 | D:3      | Reached XP level 5. HP: 33/47 MP: 4/4
  2094 | D:3      | Found a white marble altar of Elyvilon.
  2111 | D:3      | Found the +0 staff of Battle
  2647 | D:1      | Bought a scroll of vulnerability for 40 gold pieces
  2746 | D:4      | Noticed a black bear
  2774 | D:3      | Killed a black bear
  2775 | D:3      | Reached skill level 5 in Fighting
  2933 | D:3      | Reached XP level 6. HP: 41/56 MP: 5/5
  3266 | D:4      | HP: 1/56 [jelly (2)]
  3266 | D:4      | Splashed by a jelly's acid

Illustrated notes

Levels and vault maps discovered:
D:1:      matt_arrival_refuge, layout_basic, serial_shops,
          nicolae_shop_waterfront, minmay_quantized
D:2:      layout_basic, minmay_misc_feat_more_columns
D:3:      layout_basic, zin_treasury, mainiacjoe_overflow_chevrons,
          biasface_ghost_orc_armoury, uniq_terence
D:4:      layout_rooms

Skill      XL: |  1  2  3  4  5 |
---------------+----------------+-----
Long Blades    | 4 |  4.6
Stealth        | 2 3 |  3.3
Fighting       | 4 5 |  5.5
Dodging        | 4 |  4.9

Action                     |  1- 3 |  4- 6 || total
---------------------------+-------+-------++-------
  Melee: Falchion          |   102 |   130 ||   232
         Headbutt          |    16 |    21 ||    37
         Punch             |       |     1 ||     1
    Use: Potion            |       |     4 ||     4
   Stab: Sleeping          |     3 |     8 ||    11
 Armour: Robe              |    12 |    16 ||    28
         Skin              |       |    28 ||    28
  Dodge: Dodged            |    84 |    93 ||   177

Table legend: (Time is in decaauts)
 A = Elapsed time spent in this place.
 B = Non-inter-level travel time spent in this place.
 C = Inter-level travel time spent in this place.
 D = Time resting spent in this place.
 E = Time spent auto-exploring this place.
 F = Levels seen in this place.
 G = Mean time per level.
                   A        B        C        D        E       F      G
               +--------+--------+--------+--------+--------+-----+--------+
         Total |   3292 |   3088 |    204 |     96 |   2372 |   4 |  823.0 |
       Dungeon |   3292 |   3088 |    204 |     96 |   2372 |   4 |  823.0 |
               +--------+--------+--------+--------+--------+-----+--------+

Top non-repeatable levels by time:
     D:3: 1228 daAuts
     D:1: 870 daAuts
     D:2: 854 daAuts
     D:4: 339 daAuts
